 Dungeon Crawl Stone Soup version 0.22.1-2-g9c5b331383 (webtiles) character file.

4585 Groucho the Covert (level 10, -5/49 HPs)
             Began as a Felid Berserker on Nov 15, 2018.
             Was an Elder of Trog.
             Killed from afar by a manticore (19 damage)
             ... with a volley of spikes
             ... on level 11 of the Dungeon.
             The game lasted 00:30:32 (16745 turns).

Groucho the Covert (Felid Berserker)               Turns: 16745, Time: 00:30:33

Health: -5/49      AC:  2    Str: 13    XL:     10   Next: 18%
Magic:  11/11      EV: 31    Int: 12    God:    Trog [****..]
Gold:   450        SH:  0    Dex: 24    Spells: 9/9 levels left
                                        Lives:  0   Deaths: 3

rFire    . . .     SeeInvis +     - Unarmed
rCold    . . .     Gourm    .   (shield unavailable)
rNeg     . . .     Faith    .   (armour unavailable)
rPois    .         Spirit   .   (helmet unavailable)
rElec    .         Reflect  .   (cloak unavailable)
rCorr    .         Harm     .   (gloves unavailable)
MR       +++..                  (boots unavailable)
Stlth    +++++++...             (no amulet)
HPRegen  1.16/turn              d - +4 ring of dexterity
MPRegen  0.12/turn              y - +4 ring of intelligence

@: barbed spikes, regenerating, quick
A: very small, no armour, no weapons or thrown items, stealth, claws 1, fangs 3,
see invisible, carnivore, speed 1, shaggy fur 2, slow metabolism 1, sharp paws
a: Berserk, Trog's Hand, Brothers in Arms, Renounce Religion


You were on level 11 of the Dungeon.
You worshipped Trog.
Trog was greatly pleased with you.
You were not hungry.

You visited 3 branches of the dungeon, and saw 13 of its levels.

You collected 804 gold pieces.
You spent 354 gold pieces at shops.

Inventory:

Jewellery
 d - a +4 ring of dexterity (left paw)
 y - a +4 ring of intelligence (right paw)
Wands
 m - a wand of flame (67)
 n - a wand of clouds (11)
 r - a wand of digging (14)
 s - a wand of iceblast (9)
 u - a wand of polymorph (21)
Scrolls
 b - 2 scrolls of remove curse
 f - a scroll of noise {unknown}
 g - a scroll of fear {unknown}
 i - 4 scrolls of teleportation
 j - 7 scrolls of identify
 q - a scroll of fog {unknown}
 t - 2 scrolls of enchant weapon {unknown}
 v - 2 scrolls of immolation {unknown}
 x - a scroll of acquirement {unknown}
Potions
 c - 2 potions of lignification {unknown}
 e - a potion of flight {unknown}
 k - a potion of agility {unknown}
 l - 4 potions of mutation {unknown}
 o - a potion of resistance {unknown}
 p - a potion of invisibility
 w - 3 potions of haste
 z - a potion of ambrosia {unknown}
Comestibles
 a - 13 rations


   Skills:
 + Level 8.9 Fighting
 + Level 11.4 Dodging
 + Level 14.9 Stealth
 + Level 8.9 Unarmed Combat


You had 9 spell levels left.
You didn't know any spells.
Your spell library was empty.

Dungeon Overview and Level Annotations

Branches:
Dungeon (11/15)            Temple (1/1) D:6            Lair (1/6) D:8
    Orc (0/2) D:10

Altars:
Ashenzari
Cheibriados
Dithmenos
Elyvilon
Fedhas
Gozag
Hepliaklqana
Kikubaaqudgha
Makhleb
Nemelex Xobeh
Okawaru
Qazlal
Ru
Sif Muna
Trog
Uskayaw
Vehumet
Wu Jian
Xom
Yredelemnul
Zin
The Shining One

Shops:
D:5 (   D:10 *

Portals:
Trove: D:10 (show slimy rune of Zot)


Innate Abilities, Weirdness & Mutations

You cannot wear armour.
You are incapable of wielding weapons or throwing items.
Your paws allow you to move quietly. (Stealth)
You have sharp claws.
You have razor-sharp teeth.
You have supernaturally acute eyesight. (SInv)
You are carnivorous and can eat meat at any time.
You cover ground quickly.
You are covered in thick fur. (AC +2)
You have a slow metabolism.
Your sharp claws are effective at attacking unaware monsters.


Message History

You feel resistant to hostile enchantments.
You feel somewhat more hungry.
The orc shouts!
The manticore flicks its tail.
The volley of spikes hits you!
The barbed spikes become lodged in your body.
* * * LOW HITPOINT WARNING * * *
You feel better.
Unknown command.
Unknown command.
An orc priest comes into view.
The howler monkey hoots and howls with incredible vigour!
The orc shouts!
The orc priest shouts! x2; You hear a shout!
You hear a horrible gurgling sound!
You hear a roar!
Unknown command.
Your surroundings seem slightly different.
The manticore flicks its tail.
The volley of spikes hits you!
The barbed spikes become lodged in your body.
You die...

#....##.≈≈≈≈.## .#
###.(..##...≈≈.## #.#
.......##.......# #.# ...
##.....++.......###.# .##....
#.....##........##.# .......
#.....##......#.##.# .......
#.....##.........#.##.......
#.....##.%........†..S.....
##.....##.......@.....h?....
...######..............##..
####### #..............#
.....[. .#####.##....§.#
.##### .# #.[....Ho=.#
.#######.# #............
.........####.....#>#..o...
.......†....#.....#.#..o....o
.......†....#.....#.#..F...o.


You could see a manticore, a water moccasin, a howler monkey and 3 orcs.

Vanquished Creatures
  2 two-headed ogres (D:10)
  Maurice (D:9)
  A black mamba (Lair:1)
  Joseph (D:9)
  A komodo dragon (Lair:1)
  A troll (D:10)
  Grinder (D:3)
  3 hippogriffs
  Sigmund (D:4)
  A wyvern (D:7)
  10 yaks
  Eustachio (D:5)
  A porcupine (Lair:1)
  Duvessa (D:5)
  2 water moccasins (Lair:1)
  A phantom (D:9)
  An orc warrior (D:10)
  3 ice beasts
  The ghost of hurdos the Chopper, an amateur DDBe of Trog (D:4)
  3 sky beasts
  2 ogres
  2 necrophages
  7 centaurs
  A big kobold (D:7)
  A gnoll sergeant (D:8)
  A bullfrog (D:8)
  Dowan (D:5)
  A wyvern skeleton (D:10)
  A scorpion (D:10)
  24 killer bees
  6 wights
  5 howler monkeys
  2 centaur zombies
  2 crimson imps
  6 jellies
  A bullfrog zombie (D:9)
  A quasit (D:8)
  6 orc wizards
  3 hounds
  2 bullfrog skeletons
  3 orc priests
  An iguana (D:9)
  9 worker ants
  2 hound zombies
  Robin (D:3)
  3 worker ant zombies
  11 gnolls
  13 adders
  2 oozes
  An adder skeleton (D:10)
  4 worms
  A dart slug (D:4)
  4 leopard geckos
  43 orcs
  A ball python (D:1)
  3 giant cockroaches
  12 goblins
  7 hobgoblins
  10 jackals
  15 kobolds
  5 quokkas
  A ball python skeleton (D:4)
  3 bats (D:3)
  3 frilled lizards
  A giant cockroach zombie (D:4)
  A leopard gecko skeleton (D:5)
  A leopard gecko zombie (D:8)
  A quokka skeleton (D:4)
  6 rats
  A spectral orc (D:3)
281 creatures vanquished.

Vanquished Creatures (collateral kills)
  A bullfrog (Lair:1)
1 creature vanquished.

Grand Total: 282 creatures vanquished

Notes
Turn   | Place    | Note
-------+----------+-------------------------------------------
     0 | D:1      | Groucho the Felid Berserker began the quest for the Orb.
     0 | D:1      | Reached XP level 1. HP: 10/10 MP: 2/2
    11 | D:1      | Reached skill level 1 in Stealth
   132 | D:1      | Reached skill level 2 in Stealth
   150 | D:1      | Reached XP level 2. HP: 14/14 MP: 3/3
   281 | D:1      | Reached skill level 3 in Stealth
   769 | D:2      | Found an iron altar of Okawaru.
  1885 | D:2      | Reached skill level 4 in Stealth
  1891 | D:2      | Reached XP level 3. HP: 13/17 MP: 4/4
  2442 | D:2      | Reached skill level 5 in Stealth
  2932 | D:2      | Reached XP level 4. HP: 14/21 MP: 5/5
  3814 | D:3      | Reached skill level 6 in Stealth
  3820 | D:3      | Reached ** piety under Trog
  3832 | D:3      | HP: 1/21 [orc/short sword (3)]
  4443 | D:3      | Reached skill level 7 in Stealth
  4443 | D:3      | Reached XP level 5. HP: 20/24 MP: 6/6
  4897 | D:3      | Noticed Robin
  4917 | D:3      | Killed Robin
  5056 | D:3      | Found a sparkling altar of Nemelex Xobeh.
  5140 | D:3      | Noticed Grinder
  5167 | D:3      | Slain by Grinder
  5168 | D:3      | Reached XP level 4. HP: -2/21 MP: 5/5
  5222 | D:3      | Found a basalt altar of Yredelemnul.
  5315 | D:3      | Killed Grinder
  5315 | D:3      | Reached skill level 9 in Stealth
  5315 | D:3      | Reached XP level 5. HP: 24/24 MP: 6/6
  5315 | D:3      | Gained mutation: You are covered in thick fur. (AC +2)
                  | [Felid growth]
  5315 | D:3      | Reached XP level 6. HP: 28/28 MP: 7/7
  5660 | D:4      | Found a runed gate.
  5660 | D:4      | Found a runed gate.
  5660 | D:4      | Found a runed gate.
  5677 | D:4      | Found an opulent altar of Gozag.
  5677 | D:4      | Noticed hurdos's ghost (amateur DDBe)
  5706 | D:4      | Killed hurdos's ghost
  5706 | D:4      | Reached skill level 10 in Stealth
  6129 | D:4      | Reached XP level 7. HP: 31/31 MP: 8/8
  6192 | D:4      | Noticed Sigmund
  6195 | D:4      | Killed Sigmund
  6461 | D:4      | Reached skill level 5 in Dodging
  6490 | D:4      | Reached skill level 11 in Stealth
  6747 | D:5      | Entered Level 5 of the Dungeon
  6756 | D:5      | Found Okhozox's Antique Weapon Boutique.
  6765 | D:5      | Noticed Eustachio
  6767 | D:5      | Killed Eustachio
  6767 | D:5      | Reached *** piety under Trog
  6851 | D:5      | Found a shattered altar of Ashenzari.
  6859 | D:5      | Reached XP level 8. HP: 36/36 MP: 9/9
  7136 | D:5      | Noticed Duvessa
  7140 | D:5      | Noticed Dowan
  7141 | D:5      | Killed Duvessa
  7149 | D:5      | Killed Dowan
  7499 | D:6      | Reached skill level 5 in Unarmed Combat
  7506 | D:6      | Reached skill level 5 in Fighting
  7826 | D:6      | Found a shadowy altar of Dithmenos.
  7836 | D:6      | Reached skill level 12 in Stealth
  8049 | D:6      | Found a staircase to the Ecumenical Temple.
  8538 | Temple   | Entered the Ecumenical Temple
  8838 | D:7      | Reached XP level 9. HP: 40/40 MP: 10/10
 10194 | D:8      | Found a staircase to the Lair.
 10819 | D:8      | Reached **** piety under Trog
 11676 | D:8      | Reached skill level 13 in Stealth
 12129 | D:8      | Slain by a killer bee
 12130 | D:8      | Reached XP level 8. HP: 0/39 MP: 9/9
 12140 | Lair:1   | Entered Level 1 of the Lair of Beasts
 12140 | Lair:1   | Noticed a black mamba
 12142 | Lair:1   | Killed a black mamba
 12142 | Lair:1   | Reached XP level 9. HP: 42/42 MP: 10/10
 12205 | Lair:1   | Noticed a komodo dragon
 12260 | Lair:1   | Killed a komodo dragon
 12849 | D:9      | Noticed Maurice
 12856 | D:9      | Killed Maurice
 12856 | D:9      | Reached skill level 10 in Dodging
 12856 | D:9      | Reached XP level 10. HP: 48/48 MP: 11/11
 12928 | D:9      | Noticed Joseph
 12939 | D:9      | Killed Joseph
 12939 | D:9      | Reached skill level 14 in Stealth
 15147 | D:10     | Entered Level 10 of the Dungeon
 15164 | D:10     | Noticed a two-headed ogre
 15483 | D:10     | Noticed a two-headed ogre
 15494 | D:10     | Killed a two-headed ogre
 15849 | D:10     | Found a staircase to the Orcish Mines.
 16054 | D:10     | Killed a two-headed ogre
 16054 | D:10     | Reached XP level 11. HP: 15/52 MP: 12/12
 16428 | D:10     | Found Qutt's Assorted Antiques.
 16436 | D:10     | Bought an encrusted brass ring for 150 gold pieces
 16436 | D:10     | Bought a silvery potion for 27 gold pieces
 16436 | D:10     | Bought a fuming silvery potion for 27 gold pieces
 16436 | D:10     | Bought a scroll labeled UREXOE COTEULEQ for 30 gold pieces
 16436 | D:10     | Bought a scroll of identify for 60 gold pieces
 16436 | D:10     | Bought a scroll of identify for 60 gold pieces
 16608 | D:10     | Found a portal to a secret trove of treasure.
 16698 | D:11     | Noticed a green ugly thing
 16724 | D:11     | Slain by a green ugly thing
 16725 | D:11     | Reached XP level 10. HP: -4/49 MP: 11/11
 16737 | D:11     | Noticed a manticore
 16742 | D:11     | HP: 1/49 [manticore/volley of spikes (18)]
 16745 | D:11     | Killed from afar by a manticore

Skill      XL: |  1  2  3  4  5  6  7  8  9 10 |
---------------+-------------------------------+-----
Stealth        | 2 4 5 9 10 11 12 13 14 | 14.9
Dodging        | 5 9 10 11 | 11.4
Fighting       | 4 5 7 8 |  8.9
Unarmed Combat | 4 5 7 8 |  8.9

Action                   |  1- 3 |  4- 6 |  7- 9 | 10-12 || total
-------------------------+-------+-------+-------+-------++-------
Melee: Unarmed           |   108 |   190 |   358 |   231 ||   887
       Bite              |    15 |    16 |    48 |    31 ||   110
       Punch             |     1 |       |     9 |    13 ||    23
Invok: Berserk           |     2 |     7 |    13 |     6 ||    28
       Trog's Hand       |       |     6 |    10 |     8 ||    24
       Brothers in Arms  |       |       |     1 |       ||     1
Evoke: Wand              |       |       |     1 |     1 ||     2
  Use: Scroll            |       |     6 |     4 |     2 ||    12
       Potion            |       |     4 |     1 |     4 ||     9
 Stab: Sleeping          |    10 |     9 |    40 |    19 ||    78
       Distracted        |       |     2 |     1 |     1 ||     4
  Eat: Chunk             |     9 |    15 |    38 |     6 ||    68
       Ration            |       |       |       |     4 ||     4
Armor: Skin              |     2 |     5 |    14 |     2 ||    23
Dodge: Dodged            |    66 |   154 |   382 |   278 ||   880
